 Dungeon Crawl Stone Soup version 0.14-a0-848-g57a047c (webtiles) character file.

335 4tharraofdagon the Cudgeler (level 5, 0/79 HPs)
             Began as a Troll Berserker on Nov 14, 2013.
             Was a Follower of Trog.
             Slain by Pikel
             ... wielding a +1,+1 whip of flaming
              (1 damage)
             ... on Level 5 of the Dungeon.
             The game lasted 00:03:18 (620 turns).

4tharraofdagon the Cudgeler (Troll Berserker)        Turns: 620, Time: 00:03:18

HP   0/79        AC  5     Str 31      XL: 5   Next: 98%
MP   1/1         EV 10     Int  3      God: Trog [*.....]
Gold 72          SH  0     Dex  9      Spells:  0 memorised,  4 levels left

Res.Fire  : . . .   See Invis. : .   p - +0 giant spiked club
Res.Cold  : . . .   Warding    : .   b - +0 animal skin
Life Prot.: . . .   Conserve   : .   (shield restricted)
Res.Poison: .       Res.Corr.  : .   (helmet restricted)
Res.Elec. : .       Clarity    : .   (no cloak)
Sust.Abil.: . .     Spirit.Shd : .   (gloves unavailable)
Res.Mut.  : .       Stasis     : .   (boots unavailable)
Res.Rott. : .       Flight     : .   (no amulet)
Gourmand  : +                        (no ring)
                                     (no ring)

@: berserking (expiring), very quick, slightly resistant to hostile
enchantments, extremely unstealthy
A: unfitting armour, claws 3, fast metabolism 3, gourmand, regeneration 2,
saprovore 2, tough skin 2, AC +1
a: Burn Spellbooks, Berserk, Renounce Religion


You were on level 5 of the Dungeon.
You worshipped Trog.
Trog was aware of your devotion.
You were full.

You visited 1 branch of the dungeon, and saw 5 of its levels.

You collected 72 gold pieces.

Inventory:

Hand weapons
 a - a +0,+0 mace
 p - a +0,+0 giant spiked club (weapon)
Armour
 b - a +0 animal skin (worn)
Comestibles
 c - 2 meat rations
 g - a chunk of centaur flesh
 t - a choko
 u - a beef jerky
Scrolls
 d - 4 scrolls of identify {unknown}
 e - 3 scrolls of remove curse {unknown}
 h - a scroll of magic mapping {unknown}
 i - 2 scrolls of random uselessness {unknown}
 k - a scroll of noise {unknown}
 n - a scroll of enchant armour {unknown}
 o - 2 scrolls of curse weapon {unknown}
 q - a scroll of teleportation {unknown}
Potions
 f - a potion of might {unknown}
 j - a potion of slowing {unknown}
 l - 2 potions of speed {unknown}
 m - a potion of degeneration {unknown}
 s - a potion of blood {unknown}
Books
 r - a book of Wizardry

   Spells                             Type                      Level
   Summon Elemental                   Summoning                    4
   Agony                              Necromancy                   5
   Force Lance                        Conjuration                  5
   Fireball                           Conjuration/Fire             5
   Haste                              Charms                       6
   Invisibility                       Hexes                        6
   Trog disapproves of the use of such an item.


   Skills:
 - Level 2.4 Fighting
 * Level 6.1 Maces & Flails
 - Level 2.6 Dodging


You had 4 spell levels left.
You didn't know any spells.

Dungeon Overview and Level Annotations

Branches:
Dungeon (5/16)
 Temple: D:4-7

Altars:
Elyvilon

Annotations:
D:5 Pikel


Innate Abilities, Weirdness & Mutations

You are too large for most types of armour.
You have claws for hands.
Your metabolism is lightning-fast.
You like to eat raw meat.
You heal very quickly.
You can eat rotten meat.
You are covered in fur (AC +1).
You have very tough skin (AC +2).


Message History

The slave hits you. The slave hits you!
* * * LOW HITPOINT WARNING * * *
Pikel hits you with a whip of flaming!
* * * LOW HITPOINT WARNING * * *
Pikel burns you.
* * * LOW HITPOINT WARNING * * *
The slave hits you but does no damage. The slave misses you.
The slave hits you.
* * * LOW HITPOINT WARNING * * *
The slave hits you but does no damage.
Unknown command.
Unknown command.
You closely miss Pikel.
Pikel is moderately wounded.
The crimson imp shouts, "Back with thee, thou worthless clay-brained nert!"
Pikel hits you with a whip of flaming.
* * * LOW HITPOINT WARNING * * *
Pikel burns you.
You die...

### #..
#.# #.#
####.##
...r.
#@K#
#@@#
#@@#
.5..#
......#
###.##.#
#. #.# #
#.# #.#
#.#


You could see Pikel, 4 slaves, a crimson imp and a quokka.

Vanquished Creatures
  An ogre (D:4)
  A centaur (D:4)
  A hound (D:4)
  An iguana (D:4)
  A worker ant (D:4)
  A worm (D:4)
  A giant cockroach (D:2)
  4 hobgoblins
  A quokka (D:2)
  2 bats
  2 kobolds
  2 rats
18 creatures vanquished.

Notes
Turn   | Place    | Note
--------------------------------------------------------------
     0 | D:1      | 4tharraofdagon, the Troll Berserker, began the quest for the Orb.
     0 | D:1      | Reached XP level 1. HP: 23/23 MP: 0/0
    81 | D:1      | Ladykiller69: Hm
    91 | D:1      | Ladykiller69: the regen may help
   190 | D:1      | Ladykiller69: 3 starting int :D
   208 | D:1      | timbw: ye
   213 | D:1      | Ladykiller69: this amuses me greatly :D
   233 | D:1      | Reached skill level 3 in Maces & Flails
   301 | D:2      | Reached XP level 2. HP: 28/31 MP: 0/0
   360 | D:4      | Noticed an ogre
   361 | D:4      | Found a white marble altar of Elyvilon.
   368 | D:4      | Killed an ogre
   368 | D:4      | Reached skill level 4 in Maces & Flails
   368 | D:4      | Reached XP level 3. HP: 37/37 MP: 1/1
   368 | D:4      | Reached XP level 4. HP: 46/46 MP: 1/1
   380 | D:4      | Reached skill level 5 in Maces & Flails
   425 | D:4      | Reached XP level 5. HP: 40/53 MP: 1/1
   529 | D:4      | Noticed a centaur
   530 | D:4      | HP: 1/53 [centaur/arrow (18)]
   539 | D:4      | Killed a centaur
   539 | D:4      | Reached skill level 6 in Maces & Flails
   613 | D:5      | Entered Level 5 of the Dungeon
   613 | D:5      | Noticed Pikel
   613 | D:5      | Noticed a slave
   613 | D:5      | Noticed a slave
   613 | D:5      | Noticed a slave
   613 | D:5      | Noticed a slave
   615 | D:5      | Ladykiller69: GO
   615 | D:5      | Ladykiller69: FREE THEM
   616 | D:5      | Ladykiller69: LINCOLN TROLL
   619 | D:5      | HP: 1/79 [slave[Pikel] (6)]
   620 | D:5      | 4tharraofdagon: are you
   620 | D:5      | Ladykiller69: not lincoln troll
   620 | D:5      | 4tharraofdagon: trolling me
   620 | D:5      | Slain by Pikel

Action                   |  1- 3 |  4- 6 || total
-------------------------+-------+-------++-------
Melee: Mace              |    35 |       ||    35
       Giant spiked club |       |    43 ||    43
Invok: Berserk           |     1 |     3 ||     4
  Use: Potion            |     1 |     3 ||     4
